Map: Bridgehead LE (Void)

Players

Javert - Winner!

  • Race: Zerg Zerg
  • League: Gold

Incognito

  • Race: Protoss Protoss
  • League: Platinum

VOD

Have the link to the VOD?

Description

Time

  • Played on: Sept. 4, 2015, 12:19 a.m.
  • Length: 11:39
Show
View Real Time Build Order
Export as new Build Order

Javert Zerg - Winner!

Build Orders: Hatch First 

Get SALT Encoding   

  12  0:01  Drone  
  13  0:13  Overlord  
  13  0:18  Drone  
  14  0:32  Drone x2  
  16  0:36  Drone  
  17  0:57  Hatchery  
  16  1:01  Drone  
  17  1:09  Drone  
  18  1:12  Drone  
  18  1:13  Extractor  
  18  1:21  Drone  
  19  1:25  Spawning Pool  
  19  1:30  Drone  
  19  1:41  Drone  
  20  1:53  Overlord  
  20  2:03  Drone  
  21  2:13  Queen x2  
  21  2:14  Metabolic Boost  
  25  2:18  Drone x2  
  25  2:20  Drone  
  27  2:33  Drone  
  27  2:34  Drone x2  
  30  2:50  Zergling x4  
  32  2:57  Queen  
  34  2:58  Overlord  
  34  3:11  Zergling x4  
  36  3:26  Zergling x8  
  40  3:28  Drone  
  40  3:29  Drone x3  
  43  3:51  Drone  
  44  3:56  Overlord x2  
  44  3:57  Lair  
  44  4:00  Extractor  
  44  4:01  Hatchery  
  42  4:06  Drone x2  
  43  4:13  Drone x2  
  43  4:18  Drone x5  
  43  4:19  Drone  
  46  4:34  Drone x4  
  50  4:39  Roach Warren  
  50  4:42  Drone x4  
  52  4:52  Evolution Chamber, Drone x2  
  53  4:53  Evolution Chamber  
  52  5:03  Extractor  
  52  5:04  Extractor  
  52  5:05  Overlord x3  
  50  5:19  Overlord x2  
  50  5:20  Roach x2  
  50  5:21  Roach x2  
  58  5:23  Zerg Missile Weapons Level 1, Zerg Ground Armor Level 1  
  58  5:29  Drone x2  
  58  5:30  Drone x4  
  58  5:34  Glial Reconstitution  
  64  5:43  Overseer  
  64  5:48  Drone x7  
  64  5:49  Drone  
  72  5:51  Spore Crawler, Spine Crawler  
  72  5:52  Spine Crawler  
  72  5:56  Roach x2  
  73  6:01  Drone x4  
  77  6:10  Roach x3  
  83  6:19  Hydralisk Den  
  83  6:22  Roach x6  
  83  6:23  Roach  
  96  6:29  Overseer  
  96  6:33  Spine Crawler  
  96  6:37  Overlord  
  95  6:42  Overlord x2  
  95  6:43  Extractor  
  95  6:46  Roach x6, Extractor  
  105  6:55  Ravager x3  
  105  6:57  Overlord x3  
  105  7:00  Drone x4  
  105  7:01  Drone  
  113  7:12  Roach x5  
  123  7:17  Overseer x2  
  76  7:43  Lurker Den  
  67  7:47  Drone x7  
  67  7:48  Drone x7  
  81  8:04  Queen  
  83  8:06  Drone x5  
  83  8:11  Overseer x3  
  88  8:17  Drone x6  
  88  8:18  Drone  
  95  8:22  Zerg Missile Weapons Level 2  
  95  8:26  Spine Crawler  
  95  8:27  Ravager x2  
  95  8:28  Ravager x3  
  95  8:29  Ravager  
  95  8:30  Roach x2  
  104  8:43  Drone x6  
  110  8:48  Pneumatized Carapace  
  110  8:50  Hatchery  
  109  9:01  Burrow  
  106  9:10  Hydralisk  
  106  9:11  Hydralisk x10  
  128  9:18  Overlord x2  
  128  9:26  Overlord x2  
  128  9:29  Extractor  
  127  9:31  Extractor  
  127  9:35  Hydralisk  
  127  9:36  Hydralisk x6  
  140  9:47  Muscular Augments  
  140  9:49  Overlord x2  
  140  9:57  Roach x4  
  140  9:58  Roach x4  
  156  10:02  Drone  
  156  10:05  Queen  
  159  10:07  Overlord x2  
  159  10:13  Infestation Pit  
  119  10:54  Hydralisk x3  
  119  10:55  Hydralisk x18  
  119  10:59  Overlord x2  
Show
View Real Time Build Order
Export as new Build Order

Incognito Protoss 

Build Orders:  

Get SALT Encoding   

  12  0:01  Probe (Chrono Boost)  
  13  0:11  Probe (Chrono Boost)  
  14  0:19  Pylon  
  14  0:21  Probe (Chrono Boost)  
  15  0:37  Probe (Chrono Boost)  
  16  0:44  Gateway  
  16  0:49  Probe (Chrono Boost)  
  17  0:59  Probe (Chrono Boost)  
  17  1:01  Assimilator  
  17  1:02  Gateway  
  18  1:07  Assimilator  
  18  1:09  Probe (Chrono Boost)  
  19  1:14  Pylon  
  19  1:19  Probe (Chrono Boost)  
  20  1:29  Probe (Chrono Boost)  
  21  1:38  Cybernetics Core  
  21  1:39  Probe (Chrono Boost)  
  22  1:49  Probe (Chrono Boost)  
  23  2:00  Probe (Chrono Boost)  
  24  2:10  Probe (Chrono Boost)  
  25  2:28  Nexus, Adept (Chrono Boost)  
  28  2:33  Adept (Chrono Boost)  
  28  2:35  Probe  
  29  2:48  Probe  
  30  2:57  Pylon  
  30  3:13  Pylon  
  30  3:14  Adept (Chrono Boost)  
  30  3:15  Mothership Core  
  30  3:16  Adept (Chrono Boost)  
  36  3:36  Probe, Warp Gate (Chrono Boost)  
  36  3:48  Probe  
  34  3:57  Probe  
  34  4:00  Probe, Twilight Council  
  34  4:01  Pylon  
  36  4:07  Probe  
  37  4:12  Probe  
  38  4:20  Pylon  
  38  4:38  Probe  
  36  4:40  Probe  
  36  4:41  Assimilator  
  36  4:46  Nexus, Assimilator  
  36  4:48  Probe  
  36  4:52  Probe  
  38  4:55  Dark Shrine  
  38  4:58  Probe  
  38  5:04  Probe  
  40  5:07  Forge  
  40  5:08  Probe, Forge  
  41  5:16  Probe  
  41  5:18  Probe  
  43  5:28  Probe x2  
  45  5:36  Pylon  
  45  5:38  Probe, Pylon  
  45  5:39  Nexus  
  45  5:40  Probe  
  45  5:42  Pylon  
  47  5:48  Sentry  
  49  5:50  Sentry  
  49  5:52  Protoss Ground Weapons Level 1  
  49  5:54  Protoss Shields Level 1  
  49  5:55  Probe  
  51  5:58  Probe  
  51  6:01  Probe  
  54  6:06  Probe  
  54  6:10  Dark Templar  
  57  6:13  Dark Templar  
  59  6:22  Gateway  
  59  6:28  Gateway  
  59  6:39  Photon Cannon  
  59  6:41  Photon Cannon  
  59  6:45  Pylon  
  59  6:46  Photon Cannon  
  59  6:54  Probe  
  59  6:56  Probe x2  
  59  6:57  Pylon  
  62  7:05  Gateway  
  62  7:07  Pylon  
  60  7:22  Dark Templar x2  
  56  7:31  Probe  
  56  7:33  Probe  
  56  7:34  Probe  
  59  7:38  Stargate  
  59  7:41  Probe  
  59  7:42  Stargate  
  60  7:45  Probe, Pylon  
  60  7:46  Probe  
  60  7:56  Blink (Chrono Boost)  
  60  8:06  Probe x2  
  60  8:08  Probe x2, Photon Cannon  
  60  8:10  Photon Cannon  
  60  8:11  Protoss Shields Level 2 (Chrono Boost), Protoss Ground Weapons Level 2 (Chrono Boost)  
  64  8:16  Probe x2  
  66  8:20  Probe x2  
  66  8:23  Photon Cannon  
  66  8:24  Pylon  
  68  8:29  Void Ray (Chrono Boost)  
  68  8:34  Void Ray (Chrono Boost)  
  76  8:41  Gateway  
  76  8:45  Gateway  
  76  8:55  Assimilator x2  
  74  9:07  Void Ray x2 (Chrono Boost)  
  80  9:18  Zealot x2  
  80  9:19  Zealot x3  
  90  9:34  Pylon  
  90  9:40  Void Ray x2, Pylon  
  90  9:44  Robotics Facility  
  90  9:48  Stalker x2  
  90  9:49  Stalker  
  104  10:06  Stalker x4  
  112  10:20  Photon Cannon  
  112  10:21  Zealot x2  
  112  10:22  Pylon, Zealot  
  95  10:43  Stalker x2  
  95  10:44  Stalker x5  
Tags
 
Add a new tag
Caveats
  • Supply blocks, unpowered buildings, or Contaminate may cause inaccurate times.
  • Supply counts are checked every 10 seconds.